 Dungeon Crawl Stone Soup version 0.16-a0-253-g996e5b4 (console) character file.

94685 Kellhus the Destroyer (level 15, 99/99 HPs)
             Began as a Demigod Wizard on Aug 21, 2014.
             Quit the game on Level 4 of the Orcish Mines on Aug 23, 2014.
             The game lasted 01:52:36 (40793 turns).

Kellhus the Destroyer (Demigod Wizard)             Turns: 40793, Time: 01:52:37

HP  99/99        AC 12     Str 10      XL: 15   Next: 21%
MP  36/36        EV 17     Int 31      God:
Gold 2963        SH  0     Dex 19      Spells:  6 memorised, 18 levels left

rFire  . . .     SeeInvis .     i - +3 spear (venom)
rCold  + . .     Clarity  .     Q - +2 robe {rC+}
rNeg   . . .     rCorr    .     (no shield)
rPois  .         rRot     .     b - +1 hat
rElec  .         Spirit   .     Z - +2 cloak
SustAb .         Warding  .     C - +0 pair of gloves
rMut   .         Stasis   .     R - +0 pair of boots
Gourm  +                        V - amulet of the gourmand
MR     +....                    A - +5 ring of evasion
                                g - +2 ring of protection

@: repel missiles, somewhat resistant to hostile enchantments, unstealthy
A: agile 1
a: no special abilities


You were on level 4 of the Orcish Mines.
You were not hungry.

You visited 3 branches of the dungeon, and saw 23 of its levels.
You also visited: Volcano.

You collected 2963 gold pieces.

Inventory:

Hand weapons
 i - a +3 spear of venom (weapon)
 v - a +0 dagger of distortion
Armour
 b - a +1 hat (worn)
 c - the +0 cloak "Caezuy Twou" {rN+ Dex+2}
   (You found it on level 8 of the Lair of Beasts)

   It affects your dexterity (+2).
   It protects you from negative energy.
 C - a +0 pair of gloves (worn)
 H - the +3 hat of Pondering {ponderous, MR+ MP+10 Int+5}
   (You took it off Gastronok on level 3 of the Orcish Mines)

   It affects your intelligence (+5).
   It affects your resistance to hostile enchantments.
   It affects your magic capacity (+10).
 Q - a +2 robe of cold resistance (worn)
 R - a +0 pair of boots (worn)
 Z - a +2 cloak (worn)
Magical devices
 s - a wand of draining (3)
 z - a wand of enslavement (11) {unknown}
 G - a wand of slowing (11)
 J - a wand of digging (7) {unknown}
Comestibles
 d - 7 bread rations
 k - 11 slices of pizza
 m - 22 beef jerkies
 o - a royal jelly
 u - 9 meat rations
 w - 18 fruits
Scrolls
 h - a scroll of amnesia
 n - 4 scrolls of magic mapping
 r - a scroll of identify
 y - a scroll of holy word
 B - 7 scrolls of remove curse
 W - 2 scrolls of vulnerability
Jewellery
 a - the amulet "Huoleyh" {rCorr rPois}
   (You found it on level 8 of the Lair of Beasts)

   [amulet of resist corrosion]

   It protects you from acid and corrosion.
   It protects you from poison.
 g - a +2 ring of protection (left hand)
 p - an uncursed ring of regeneration
 x - an uncursed ring of ice
 A - a +5 ring of evasion (right hand)
 P - an uncursed amulet of resist mutation
 V - an amulet of the gourmand (around neck)
Potions
 e - a potion of poison
 j - 3 potions of agility
 l - 2 potions of resistance
 q - 8 potions of might
 K - 2 potions of brilliance
 M - a potion of berserk rage
 N - a potion of cancellation
 S - 3 potions of curing
 T - 2 potions of porridge
 U - a potion of invisibility
Books
 f - a book of Maledictions

   Spells                             Type                      Level
   Corona                             Hexes                        1
   Sure Blade                         Hexes/Charms                 2
   Ensorcelled Hibernation            Hexes/Ice                    2
   Confuse                            Hexes                        3
   Dazzling Spray                     Conjuration/Hexes            3
   Enslavement                        Hexes                        4
 L - a book of Fire

   Spells                             Type                      Level
   Ignite Poison                      Fire/Transmutation           5
   Fireball                           Conjuration/Fire             5
   *Bolt of Fire                      Conjuration/Fire             6
   Delayed Fireball                   Conjuration/Fire             7
   Ring of Flames                     Charms/Fire                  7
 O - a book of Conjurations

   Spells                             Type                      Level
   *Magic Dart                        Conjuration                  1
   Searing Ray                        Conjuration                  2
   Dazzling Spray                     Conjuration/Hexes            3
   Fulminant Prism                    Conjuration/Hexes            4
   *Iskenderun's Mystic Blast         Conjuration                  4
   *Iskenderun's Battlesphere         Conjuration/Charms           5
 Y - a book of Power

   Spells                             Type                      Level
   Fulminant Prism                    Conjuration/Hexes            4
   *Iskenderun's Mystic Blast         Conjuration                  4
   Venom Bolt                         Conjuration/Poison           5
   Bolt of Magma                      Conjuration/Fire/Earth       5
   Iron Shot                          Conjuration/Earth            6
   Orb of Destruction                 Conjuration                  7
Magical staves
 D - an uncursed staff of death


   Skills:
 - Level 1.7 Dodging
 - Level 1.7 Stealth
 - Level 12.0 Spellcasting
 - Level 17.0 Conjurations
 - Level 5.0 Charms
   Level 0.8 Summonings
 - Level 0.8 Translocations
 + Level 13.1 Fire Magic


You had 18 spell levels left.
You knew the following spells:

 Your Spells              Type           Power        Failure   Level  Hunger
a - Magic Dart            Conj           ####         0%          1    None
b - Iskenderun's Battles  Conj/Chrm      ######..     1%          5    None
c - Bolt of Fire          Conj/Fire      #######...   1%          6    ####...
d - Iskenderun's Mystic   Conj           #######.     1%          4    None
l - Blink                 Tloc           N/A          3%          2    None
r - Repel Missiles        Chrm/Air       ####..       1%          2    None


Dungeon Overview and Level Annotations

Branches:
Dungeon (11/15)            Temple (0/1) D:5             Orc (4/4) D:11
    Elf (0/3) Orc:3          Lair (8/8) D:9           Swamp (0/5) Lair:6
 Spider (0/5) Lair:5        Slime (0/6) Lair:8

Shops:
D:4 (   Orc:4 [!=*?


Innate Abilities, Weirdness & Mutations

You are agile. (Dex +2)


Message History

Aiming: Magic Dart
Press: ? - help, Shift-Dir - straight line, f - goblin
Aim: a goblin (hasn't noticed you)
The magic dart hits the goblin.
The goblin is severely wounded.
Casting: Magic Dart
Confirm with . or Enter, or press ? or * to list all spells.
Aiming: Magic Dart
Press: ? - help, Shift-Dir - straight line, f/p - goblin
Aim: a goblin (severely wounded)
The magic dart hits the goblin.
You kill the goblin!
Magic restored.
Done exploring.
Done exploring.
Done exploring.
Saving game... please wait.
Welcome back, Kellhus the Demigod Wizard.
Press ? for a list of commands and other information.
Are you sure you want to abandon this character and quit the game? (Confirm with "yes".)

#################################
#.#.#.....#........#.#...#....#..
.................................
.................................
.................................
................@................
.................................
.................................
..##..##..##...###...##..##..##..
.##..........≈≈# #≈≈..........##.
.#.....)....≈≈≈# #≈≈≈..........#.
..........≈≈≈≈#####≈≈≈≈.........)
.#......≈≈≈≈####∩####≈≈≈≈......#.
.#..)..≈≈≈≈####...####≈≈≈≈)....#.


There were no monsters in sight!

Vanquished Creatures
  Donald (Orc:3)
  The ghost of haldagan the Bludgeoner, a powerful OgIE of Dithmenos (Lair:8)
  Gastronok (Orc:3)
  Snorg (Lair:5)
  Josephine (Orc:3)
  Fannar (Lair:3)
  13 hydras
  Erica (Lair:8)
  9 death yaks
  A soul eater (Lair:8)
  A hill giant (D:10)
  3 orc knights
  Erolcha (Orc:3)
  An orc sorcerer (Orc:4)
  2 cyclopes (D:9)
  A slime creature (Lair:8)
  2 ugly things
  33 elephants
  11 black mambas
  2 griffons (Lair:7)
  Maurice (Orc:2)
  Joseph (Orc:2)
  11 spiny frogs
  A torpor snail (Lair:8)
  A gargoyle (D:10)
  20 komodo dragons
  Grinder (D:4)
  4 fire drakes
  5 trolls
  6 polar bears
  Sonja (Orc:2)
  A two-headed ogre (D:9)
  22 blink frogs
  2 basilisks
  56 yaks
  2 hill giant zombies
  9 hogs (Lair:8)
  2 hungry ghosts
  2 steam dragons
  2 wyverns
  13 hippogriffs
  A deep elf fighter (D:9)
  21 wolves
  8 wargs
  Menkaure (D:5)
  12 porcupines
  4 hell hounds (Lair:8)
  A mottled dragon (Lair:8)
  A swamp drake (Lair:8)
  An ice beast (Lair:8)
  21 water moccasins
  34 orc warriors
  8 black bears
  2 phantoms
  9 ogres
  A sky beast (D:11)
  25 crocodiles
  2 necrophages
  A boring beetle (Lair:7)
  4 big kobolds
  Sigmund (D:3)
  Duvessa (D:9)
  17 centaurs
  15 giant frogs
  2 gnoll sergeants
  6 scorpions
  An eye of draining (D:11)
  5 killer bees (D:11)
  2 vampire bats (Orc:1)
  4 electric eels
  4 wights (D:10)
  5 crimson imps
  2 goliath beetles
  2 yak skeletons
  A troll skeleton (D:10)
  Dowan (D:9)
  A giant frog zombie (D:5)
  A centaur zombie (D:11)
  22 hounds
  3 jellies (D:9)
  A quasit (D:10)
  2 centaur skeletons
  24 orc priests
  11 iguanas
  40 orc wizards
  13 worker ants
  A sky beast zombie (D:11)
  9 sheep
  An ogre skeleton (D:9)
  A hound skeleton (D:6)
  2 mummies
  20 adders
  12 gnolls
  72 green rats
  3 orc zombies
  7 shadow imps
  3 giant mites
  A goliath beetle zombie (D:5)
  2 worms
  3 orc simulacra (Orc:3)
  An iguana skeleton (D:9)
  4 giant geckos
  An ooze (D:2)
  217 orcs
  4 ball pythons
  30 bats
  A bat skeleton (D:4)
  10 giant cockroaches
  26 hobgoblins
  18 jackals
  23 quokkas
  8 giant newts
  A giant spore (D:9)
  25 goblins
  A goblin zombie (Orc:3)
  A hobgoblin skeleton (Orc:3)
  22 kobolds
  A kobold skeleton (D:5)
  An orc skeleton (Orc:3)
  21 rats
  4 ballistomycetes
  A bush (Lair:2)
  A plant (Lair:8)
1153 creatures vanquished.

Vanquished Creatures (others)
  A two-headed ogre (D:11)
  A wyvern (D:11)
  A crocodile (Lair:2)
  A giant frog zombie (D:8)
  An iguana (Lair:2)
  A giant spore (D:10)
  A rat (D:8)
  8 fungi
  8 plants
23 creatures vanquished.

Grand Total: 1176 creatures vanquished

Notes
Turn   | Place    | Note
--------------------------------------------------------------
     0 | D:1      | Kellhus, the Demigod Wizard, began the quest for the Orb.
     0 | D:1      | Reached XP level 1. HP: 14/14 MP: 4/4
    73 | D:1      | Reached skill level 1 in Conjurations
   407 | D:1      | Reached XP level 2. HP: 20/20 MP: 4/6
  1142 | D:2      | Reached XP level 3. HP: 26/26 MP: 1/8
  1237 | D:2      | Learned a level 3 spell: Conjure Flame
  1332 | D:2      | Reached skill level 3 in Conjurations
  2000 | D:3      | Found a basalt altar of Yredelemnul.
  2155 | D:3      | Found a glowing golden altar of the Shining One.
  2237 | D:3      | Reached XP level 4. HP: 33/33 MP: 4/11
  2464 | D:3      | Noticed Sigmund
  2471 | D:3      | Learned a level 3 spell: Mephitic Cloud
  2483 | D:3      | Killed Sigmund
  2483 | D:3      | Reached skill level 4 in Conjurations
  2483 | D:3      | Reached XP level 5. HP: 38/38 MP: 9/12
  2867 | D:3      | Reached skill level 5 in Conjurations
  2947 | D:3      | Found an iron altar of Okawaru.
  3084 | D:3      | Reached XP level 6. HP: 16/45 MP: 12/15
  3398 | D:4      | Reached skill level 6 in Conjurations
  3823 | D:4      | Noticed Grinder
  3837 | D:4      | Killed Grinder
  3837 | D:4      | Reached skill level 7 in Conjurations
  3837 | D:4      | Reached XP level 7. HP: 32/50 MP: 7/18
  4249 | D:4      | Found Amod's Antique Weapon Shop.
  4531 | D:5      | Entered Level 5 of the Dungeon
  4607 | D:5      | Gained mutation: You are agile. (Dex +2) [potion of beneficial mutation]
  4646 | D:5      | HP: 2/50 [poisoned by a water moccasin]
  4654 | D:5      | HP: 1/50 [poisoned by a water moccasin]
  5104 | D:5      | Noticed Menkaure
  5265 | D:6      | Found a bloodstained altar of Trog.
  5342 | D:6      | Reached skill level 5 in Spellcasting
  5342 | D:6      | Reached XP level 8. HP: 57/57 MP: 14/22
  5665 | D:5      | Found a staircase to the Ecumenical Temple.
  5929 | D:5      | Killed Menkaure
  6149 | D:5      | Found a shattered altar of Ashenzari.
  6149 | D:5      | Found a shadowy altar of Dithmenos.
  6275 | D:6      | Reached skill level 8 in Conjurations
  6951 | D:6      | Found a glowing golden altar of the Shining One.
  7325 | D:7      | Reached skill level 9 in Conjurations
  7504 | D:7      | Learned a level 2 spell: Blink
  7507 | D:7      | Learned a level 2 spell: Repel Missiles
  7657 | D:7      | Reached XP level 9. HP: 62/62 MP: 23/26
  8251 | D:8      | Found a radiant altar of Vehumet.
  8585 | D:8      | Found a deep blue altar of Sif Muna.
 10375 | D:8      | Noticed a three-headed hydra
 10424 | D:8      | Killed a three-headed hydra
 10424 | D:8      | Reached skill level 10 in Conjurations
 10424 | D:8      | Reached XP level 10. HP: 55/69 MP: 15/29
 11008 | D:9      | Noticed a cyclops
 11036 | D:9      | Killed a cyclops
 11084 | D:9      | Noticed Duvessa
 11084 | D:9      | Noticed Dowan
 11131 | D:8      | Reached skill level 11 in Conjurations
 11971 | D:9      | Killed Duvessa
 11976 | D:9      | Killed Dowan
 12163 | D:9      | Reached skill level 12 in Conjurations
 12460 | D:9      | Noticed a cyclops
 12492 | D:9      | Killed a cyclops
 12708 | D:9      | Found a sparkling altar of Nemelex Xobeh.
 12858 | D:9      | Found a staircase to the Lair.
 12991 | Lair:1   | Entered Level 1 of the Lair of Beasts
 13613 | Lair:1   | Reached XP level 11. HP: 74/74 MP: 25/30
 13755 | Lair:1   | Reached skill level 13 in Conjurations
 15282 | Lair:2   | Noticed a seven-headed hydra
 15612 | Lair:2   | Reached skill level 14 in Conjurations
 16232 | Lair:3   | Noticed Fannar
 16233 | Lair:3   | Found a dark tunnel.
 16238 | Volcano  | Entered a volcano
 16551 | Lair:3   | Learned a level 5 spell: Iskenderun's Battlesphere
 16567 | Lair:3   | Learned a level 4 spell: Iskenderun's Mystic Blast
 16679 | Lair:3   | Killed Fannar
 16804 | Lair:3   | Reached skill level 10 in Spellcasting
 17064 | Lair:3   | Reached skill level 1 in Charms
 18980 | Lair:3   | Killed a seven-headed hydra
 19084 | Lair:4   | Reached skill level 5 in Charms
 19130 | Lair:4   | Reached XP level 12. HP: 81/81 MP: 11/32
 19467 | Lair:4   | Noticed an eight-headed hydra
 19486 | Lair:4   | Noticed an eight-headed hydra
 19492 | Lair:4   | Killed an eight-headed hydra
 19495 | Lair:4   | Killed an eight-headed hydra
 19648 | Lair:4   | Noticed an eight-headed hydra
 19653 | Lair:4   | Killed an eight-headed hydra
 19947 | Lair:4   | Reached skill level 15 in Conjurations
 20650 | Lair:5   | Found a hole to the Spider Nest.
 21111 | Lair:5   | Noticed Snorg
 21115 | Lair:5   | Killed Snorg
 21902 | Lair:5   | Reached skill level 16 in Conjurations
 22097 | Lair:5   | Noticed a four-headed hydra
 22101 | Lair:5   | Killed a four-headed hydra
 22501 | Lair:5   | Noticed a five-headed hydra
 22507 | Lair:5   | Killed a five-headed hydra
 22606 | Lair:5   | Noticed an eight-headed hydra
 22614 | Lair:5   | Killed an eight-headed hydra
 22614 | Lair:5   | Reached XP level 13. HP: 86/86 MP: 15/34
 23015 | Lair:5   | Reached skill level 1 in Fire Magic
 23037 | Lair:5   | Noticed an eight-headed hydra
 23042 | Lair:5   | Killed an eight-headed hydra
 23151 | Lair:5   | Learned a level 6 spell: Bolt of Fire
 24090 | Lair:6   | Found a staircase to the Swamp.
 24113 | Lair:6   | Reached skill level 5 in Fire Magic
 27057 | Lair:7   | Reached skill level 10 in Fire Magic
 27560 | Lair:7   | Reached XP level 14. HP: 91/93 MP: 26/35
 27872 | Lair:8   | Entered Level 8 of the Lair of Beasts
 27993 | Lair:8   | Noticed haldagan's ghost (powerful OgIE)
 28191 | Lair:8   | Killed haldagan's ghost
 28493 | Lair:8   | Noticed Erica
 28499 | Lair:8   | Killed Erica
 29905 | Lair:8   | Got a crude emerald amulet
 29907 | Lair:8   | Identified the amulet "Huoleyh" {rCorr rPois} (You found it on level 8 of the Lair of Beasts)
 29938 | Lair:8   | Found a staircase to the Slime Pits.
 32002 | Lair:8   | Got a warped cloak
 32119 | Lair:8   | Identified the +0 cloak "Caezuy Twou" {rN+ Dex+2} (You found it on level 8 of the Lair of Beasts)
 32783 | Lair:2   | Noticed a seven-headed hydra
 32788 | Lair:2   | Killed a seven-headed hydra
 32988 | D:10     | Entered Level 10 of the Dungeon
 34599 | D:11     | Found a staircase to the Orcish Mines.
 35743 | D:11     | Upgraded the game from 0.16-a0-231-g3d5c238 to 0.16-a0-249-g5922f4d
 35798 | Orc:1    | Entered Level 1 of the Orcish Mines
 36854 | Orc:2    | Noticed Joseph
 36869 | Orc:2    | Killed Joseph
 37077 | Orc:2    | Noticed Sonja
 37081 | Orc:2    | Killed Sonja
 37208 | Orc:2    | Noticed Maurice
 37213 | Orc:2    | Killed Maurice
 37213 | Orc:2    | Reached skill level 17 in Conjurations
 37746 | Orc:2    | Reached XP level 15. HP: 60/99 MP: 5/36
 37881 | Orc:2    | Found a roughly hewn altar of Beogh.
 38101 | Orc:3    | Noticed Erolcha
 38101 | Orc:3    | Noticed Gastronok
 38105 | Orc:3    | Killed Erolcha
 38107 | Orc:3    | Killed Gastronok
 38427 | Orc:3    | Found a staircase to the Elven Halls.
 38531 | Orc:3    | Noticed Josephine
 38533 | Orc:3    | Killed Josephine
 38727 | Orc:3    | Noticed Donald
 38741 | Orc:3    | Killed Donald
 39000 | Orc:4    | Entered Level 4 of the Orcish Mines
 39130 | Orc:4    | Found an iron altar of Okawaru.
 39260 | Orc:4    | Found Lujokoson's Armour Emporium.
 40183 | Orc:4    | Found Kuew's General Store.
 40183 | Orc:4    | Found Cliwny Qaca's Jewellery Shoppe.
 40187 | Orc:4    | Found Tayd Qukk's Magic Scroll Shop.
 40191 | Orc:4    | Found Idebie's Distillery.
 40793 | Orc:4    | Upgraded the game from 0.16-a0-249-g5922f4d to 0.16-a0-253-g996e5b4
 40793 | Orc:4    | Quit the game

Action                   |  1- 3 |  4- 6 |  7- 9 | 10-12 | 13-15 || total
-------------------------+-------+-------+-------+-------+-------++-------
Melee: Unarmed           |    10 |       |       |       |       ||    10
       Spear             |     9 |    88 |   240 |   453 |    73 ||   863
 Cast: Magic Dart        |   116 |    88 |   358 |   696 |  1026 ||  2284
       Mephitic Cloud    |       |     4 |    13 |    26 |       ||    43
       Conjure Flame     |       |     3 |    19 |    26 |       ||    48
       Repel Missiles    |       |       |     1 |     2 |     1 ||     4
       Blink             |       |       |     6 |    15 |     3 ||    24
       Iskenderun's Batt |       |       |       |    63 |   219 ||   282
       Iskenderun's Myst |       |       |       |    47 |     9 ||    56
       Bolt of Fire      |       |       |       |       |   154 ||   154
Evoke: Wand              |       |       |     5 |     8 |     4 ||    17
  Use: Potion            |     2 |       |     1 |     1 |     6 ||    10
       Scroll            |     7 |     3 |     7 |    17 |     9 ||    43
 Stab: Distracted        |     1 |       |       |       |       ||     1
       Confused          |       |     4 |    11 |    20 |       ||    35
       Sleeping          |       |       |     1 |       |       ||     1
  Eat: Chunk             |     4 |     6 |    16 |    48 |    88 ||   162
       Fruit             |       |       |     1 |     3 |       ||     4
       Bread ration      |       |       |     1 |       |       ||     1
